 Dungeon Crawl Stone Soup version 0.18.1-5-g4a78601 (webtiles) character file.

1598 Scarto the Ducker (level 8, -1/80 HPs)
             Began as a Troll Berserker on May 9, 2016.
             Was a Priest of Trog.
             Slain by a sky beast (5 damage)
             ... on level 6 of the Dungeon.
             The game lasted 00:06:24 (3916 turns).

Scarto the Ducker (Troll Berserker)                 Turns: 3916, Time: 00:06:26

Health: -1/80      AC:  5    Str: 28    XL:     8   Next: 62%
Magic:  7/7        EV: 15    Int:  3    God:    Trog [***...]
Gold:   179        SH:  0    Dex:  9    Spells: 0 memorised, 7 levels left

rFire  . . .     SeeInvis .     h - +0 scythe (curse)
rCold  . . .     Gourm    +     a - +0 animal skin
rNeg   . . .     Faith    .     (shield currently unavailable)
rPois  .         Spirit   .     (helmet restricted)
rElec  .         Dismiss  .     (no cloak)
rCorr  .         Reflect  .     (gloves unavailable)
SustAt .         Harm     .     (boots unavailable)
MR     +++..                    (no amulet)
Stlth  +.........               o - +3 ring of evasion
                                g - ring of protection from magic

@: exhausted, regenerating, slowed, very slow, extremely resistant to hostile
enchantments, very unstealthy
A: unfitting armour, claws 3, fast metabolism 3, gourmand, regeneration 2,
shaggy fur 1, tough skin 2
a: Berserk, Trog's Hand, Burn Spellbooks, Renounce Religion


You were on level 6 of the Dungeon.
You worshipped Trog.
Trog was most pleased with you.
You were not hungry.

You visited 1 branch of the dungeon, and saw 6 of its levels.

You collected 179 gold pieces.

Inventory:

Hand Weapons
 h - a cursed +0 scythe (weapon)
Missiles
 r - 4 silver javelins (quivered)
Armour
 a - a +0 animal skin (worn)
Jewellery
 g - a ring of protection from magic (left claw)
 n - an uncursed ring of magical power
 o - a +3 ring of evasion (right claw)
Scrolls
 c - a scroll of immolation {unknown}
 j - 5 scrolls of identify
 k - a scroll of fear
Comestibles
 b - a bread ration
 f - 4 fruits
 i - a meat ration
 w - a royal jelly


   Skills:
 + Level 5.1 Fighting
 + Level 0.5 Polearms
 + Level 6.7 Dodging
 + Level 1.2 Stealth
 + Level 6.0 Unarmed Combat


You had 7 spell levels left.
You didn't know any spells.

Dungeon Overview and Level Annotations

Branches:
Dungeon (6/15)
 Temple: D:4-7

Altars:
Dithmenos
Kikubaaqudgha
Okawaru
Ru
Trog
Yredelemnul
Zin


Innate Abilities, Weirdness & Mutations

You are too large for most types of armour.
You have claws for hands.
Your metabolism is lightning-fast.
You like to eat raw meat.
You heal very quickly.
You are covered in fur (AC +1).
You have very tough skin (AC +2).


Message History

You feel yourself slow down. Something hits you but does no damage.
Something hits you.
* * * LOW HITPOINT WARNING * * *
Something shocks you.
* * * LOW HITPOINT WARNING * * *
Something barely misses you.
You closely miss something.
Something hits you but does no damage. x3
You hear some strange, mumbled words.
A magic dart appears from out of thin air!
The magic dart hits you!
* * * LOW HITPOINT WARNING * * *
Something hits you but does no damage.
You closely miss something. Something barely misses you.
Something hits you but does no damage. Something barely misses you.
A sky beast appears from thin air!
Reactivating autopickup.
The sky beast hits you.
* * * LOW HITPOINT WARNING * * *
The sky beast shocks you.
You die...

#.####.#.#
#...$....#
#)<......#
#........#
#........#
#........#
#.)......#
#........#
#{@......#
......>Y.!....#
.#.#.##......##
#. #......# #
.......#
.####.... .
#... #. ...


You could see a sky beast.

Vanquished Creatures
  Pikel (D:4)
  Grinder (D:4)
  Sigmund (D:5)
  A slave (D:4)
  An ice beast (D:5)
  2 phantoms (D:5)
  A centaur (D:5)
  A howler monkey (D:5)
  An orc priest (D:6)
  A hound (D:5)
  2 jellies (D:5)
  An orc wizard (D:6)
  A worker ant (D:5)
  A hound skeleton (D:5)
  Robin (D:2)
  9 adders
  4 gnolls (D:2)
  A shadow imp (D:5)
  2 oozes
  An adder skeleton (D:4)
  2 worms (D:3)
  A giant gecko (D:4)
  5 orcs
  A ball python (D:1)
  2 gnoll zombies (D:2)
  17 goblins
  8 hobgoblins
  6 jackals
  10 bats
  4 giant newts
  4 kobolds
  A quokka zombie (D:5)
  7 rats
102 creatures vanquished.

Vanquished Creatures (others)
  A slave (D:4)
1 creature vanquished.

Grand Total: 103 creatures vanquished

Notes
Turn   | Place    | Note
--------------------------------------------------------------
     0 | D:1      | Scarto the Troll Berserker began the quest for the Orb.
     0 | D:1      | Reached XP level 1. HP: 22/22 MP: 0/0
    87 | D:1      | Reached XP level 2. HP: 29/29 MP: 1/1
   888 | D:2      | Found a basalt altar of Yredelemnul.
   978 | D:2      | Reached XP level 3. HP: 32/37 MP: 2/2
  1126 | D:2      | Reached ** piety under Trog
  1132 | D:2      | Noticed Robin
  1143 | D:2      | Reached XP level 4. HP: 45/45 MP: 3/3
  1161 | D:2      | Killed Robin
  1302 | D:2      | Reached XP level 5. HP: 14/53 MP: 4/4
  2080 | D:3      | Reached *** piety under Trog
  2402 | D:4      | Noticed a slave
  2403 | D:4      | Noticed a slave
  2403 | D:4      | Noticed a slave
  2403 | D:4      | Noticed a slave
  2404 | D:4      | Noticed Pikel
  2411 | D:4      | Killed a slave
  2420 | D:4      | Killed Pikel
  2420 | D:4      | Reached skill level 5 in Dodging
  2420 | D:4      | Reached XP level 6. HP: 15/62 MP: 5/5
  2420 | D:4      | Reached XP level 7. HP: 17/70 MP: 6/6
  2591 | D:4      | Noticed Grinder
  2598 | D:4      | Killed Grinder
  2598 | D:4      | Reached skill level 5 in Unarmed Combat
  2873 | D:5      | Entered Level 5 of the Dungeon
  3157 | D:5      | Reached XP level 8. HP: 78/79 MP: 7/7
  3345 | D:5      | Found a glowing silver altar of Zin.
  3345 | D:5      | Found an iron altar of Okawaru.
  3345 | D:5      | Found an ancient bone altar of Kikubaaqudgha.
  3348 | D:5      | Noticed Sigmund
  3359 | D:5      | Killed Sigmund
  3359 | D:5      | Reached skill level 1 in Stealth
  3392 | D:5      | Reached skill level 5 in Fighting
  3668 | D:5      | Found a shadowy altar of Dithmenos.
  3768 | D:5      | Found a sacrificial altar of Ru.
  3769 | D:5      | Found a bloodstained altar of Trog.
  3915 | D:6      | HP: 2/80 [something/magic dart (10)]
  3916 | D:6      | Slain by a sky beast

Skill      XL: |  1  2  3  4  5  6  7  8 |
---------------+-------------------------+-----
Fighting       | 3 4 5 |  5.1
Dodging        | 3 5 6 |  6.7
Unarmed Combat | 4 5 6 |  6.0
Stealth        | 1 |  1.2
Polearms       | |  0.5

Action                   |  1- 3 |  4- 6 |  7- 9 || total
-------------------------+-------+-------+-------++-------
Melee: Unarmed           |    74 |   134 |    66 ||   274
       Punch             |     1 |     1 |     4 ||     6
       Scythe            |       |       |    67 ||    67
Invok: Berserk           |     1 |     2 |     2 ||     5
       Trog's Hand       |       |     1 |     2 ||     3
  Use: Potion            |       |       |     9 ||     9
       Scroll            |       |       |     9 ||     9
 Stab: Sleeping          |     1 |       |       ||     1
  Eat: Chunk             |    11 |    13 |       ||    24
       Bread ration      |       |       |     4 ||     4
Armor: Animal skin       |    43 |    33 |    41 ||   117
Dodge: Dodged            |    44 |   128 |   109 ||   281
